 Dungeon Sprint DCSS version 0.30-a0-585-g93115170b9 (webtiles) character file.

Game seed: 2186695478079742671

107707 mhtbhm the End of an Era (level 16, 0/143 HPs)
             Began as a Merfolk Fighter on Jan 2, 2023.
             Was the Champion of Qazlal.
             Killed by divine providence
             ... invoked by a deep elf high priest
              (7 damage)
             ... in the Dungeon (Sprint V: "Ziggurat Sprint").
             The game lasted 00:15:39 (2799 turns).

mhtbhm the End of an Era (Merfolk Fighter)          Turns: 2799, Time: 00:15:40

Health: 0/143      AC: 32    Str: 36    XL:     16   Next: 47%
Magic:  29/33      EV:  2    Int:  8    God:    Qazlal [******]
Gold:   0          SH: 43    Dex: 14    Spells: 15/15 levels left

rFire   + + +      SeeInvis +    a - +15 lance "Wyrmbane" {slay drac, rPois rF+ rC+ AC+3}
rCold   + + +      Faith    +    c - +18 shield of the Gong {rElec rN+ Will+ EV-5}
rNeg    + . .      Spirit   .    b - +5 gold dragon scales
rPois   +          Reflect  .    F - +0 mask of the Dragon {Will+ Slay+3 SInv}
rElec   +          Harm     .    v - +2 cloak {rPois}
rCorr   .          Rampage  .    x - +0 pair of gloves {hurl}
Will    +++..      NoTele   +    (no boots) Stlth
                                 D - amulet of faith
HPRegen 0.43/turn                A - +6 ring of strength
MPRegen 0.23/turn                I - ring of Ruasketz {rC+ Str+7 SInv}

@: protected from fire, studying 3 skills, repel missiles
A: (nimble swimmer 2), mertail, deterioration 1
a: Renounce Religion, Upheaval, Elemental Force, Disaster Area


You were in the Dungeon.
You worshipped Qazlal.
Qazlal was exalted by your worship.
You visited 1 branch

Inventory:

Hand Weapons
 a - the +15 lance "Wyrmbane" (weapon) {slay drac, rPois rF+ rC+ AC+3}
   (You found it in the Dungeon)

   It inflicts extra damage against dragons and draconians.
   AC:        It affects your AC (+3).
   rF:        It protects you from fire.
   rC:        It protects you from cold.
   rPois:     It protects you from poison.
Missiles
 z - a silver javelin (quivered)
Armour
 b - +5 gold dragon scales (worn)
 c - the +18 shield of the Gong (worn) {rElec rN+ Will+ EV-5}
   (You found it in the Dungeon)

   It is deafeningly noisy when blocking attacks.
   EV:        It affects your evasion (-5).
   rElec:     It insulates you from electricity.
   rN:        It protects you from negative energy.
   Will:      It increases your willpower.
 v - a +2 cloak of poison resistance (worn)
 x - a +0 pair of gloves of hurling (worn)
 F - the +0 mask of the Dragon (worn) {Will+ Slay+3 SInv}
   (You found it in the Dungeon)

   Slay:      It affects your accuracy & damage with ranged weapons and melee
   (+3).
   SInv:      It lets you see invisible.
   Will:      It increases your willpower.
Jewellery
 j - the ring of Waemo {rPois rN++ Will+ SInv}
   (You took it off a deep elf knight in the Dungeon)

   [ring of willpower]

   rPois:     It protects you from poison.
   rN:        It greatly protects you from negative energy.
   SInv:      It lets you see invisible.
   Will:      It increases your willpower.
 n - the ring of Taph {Will++ MP+9 Dex+2}
   (You found it in the Dungeon)

   [ring of magical power]

   Dex:       It affects your dexterity (+2).
   MP:        It affects your magic capacity (+9).
   Will:      It greatly increases your willpower.
 A - a +6 ring of strength (left hand)
 D - an amulet of faith (around neck)
 I - the ring of Ruasketz (right hand) {rC+ Str+7 SInv}
   (You found it in the Dungeon)

   [ring of see invisible]

   Str:       It affects your strength (+7).
   rC:        It protects you from cold.
   SInv:      It lets you see invisible.
Wands
 s - a wand of mindburst (5)
 t - a wand of iceblast (1)
Scrolls
 o - 4 scrolls of amnesia
 p - 7 scrolls of fog
 q - 5 scrolls of identify
 r - 2 scrolls of fear
 H - 3 scrolls of brand weapon
Potions
 d - 7 potions of might
 f - a potion of heal wounds
 g - 13 potions of haste
 h - 6 potions of magic
 i - a potion of berserk rage
 k - 2 potions of brilliance
 l - 2 potions of invisibility
 m - 4 potions of resistance
Miscellaneous
 e - a box of beasts
 w - a condenser vane
 y - a tin of tremorstones (2/2)
 C - a lightning rod (4/4)
 G - a phantom mirror


   Skills:
 + Level 17.6 Fighting
 + Level 18.4 Polearms
 + Level 13.8 Armour
 + Level 13.0 Stealth
 + Level 25.6 Shields
 * Level 26.1 Invocations
 + Level 12.4 Evocations


You had 15 spell levels left.
You didn't know any spells.
Your spell library contained the following spells:

 Spells                   Type           Power      Damage    Failure   Level
 Kiss of Death            Conj/Necr      0%         2d5       99%         1
 Sandblast                Erth           0%         2d4       99%         1
 Slow                     Hex            0%         N/A       99%         1
 Ensorcelled Hibernation  Hex/Ice        0%         N/A       100%        2
 Passwall                 Tmut/Erth      0%         N/A       100%        2
 Poisonous Vapours        Pois/Air       0%         N/A       100%        2
 Call Canine Familiar     Summ           0%         N/A       100%        3
 Confusing Touch          Hex            0%         N/A       100%        3
 Dazzling Flash           Conj/Hex       0%         N/A       100%        3
 Gell's Gravitas          Tloc           0%         N/A       100%        3
 Ignite Poison            Fire/Tmut/Pois 0%         N/A       100%        3
 Inner Flame              Hex/Fire       0%         N/A       100%        3
 Ozocubu's Armour         Ice            0%         N/A       100%        3
 Portal Projectile        Hex/Tloc       0%         N/A       100%        3
 Spider Form              Tmut/Pois      0%         N/A       100%        3
 Stone Arrow              Conj/Erth      0%         3d7       100%        3
 Swiftness                Air            0%         N/A       100%        3
 Teleport Other           Tloc           0%         N/A       100%        3
 Vhi's Electric Charge    Tloc/Air       0%         N/A       100%        3
 Anguish                  Hex/Necr       0%         N/A       100%        4
 Animate Armour           Summ/Erth      0%         N/A       100%        4
 Animate Dead             Necr           0%         N/A       100%        4
 Cause Fear               Hex            0%         N/A       100%        4
 Dispel Undead            Necr           0%         3d6       100%        4
 Flame Wave               Conj/Fire      0%         2d4       100%        4
 Fulminant Prism          Conj/Hex       0%         3d5       100%        4
 Ice Form                 Ice/Tmut       0%         N/A       100%        4
 Leda's Liquefaction      Hex/Erth       0%         N/A       100%        4
 Olgreb's Toxic Radiance  Pois           0%         N/A       100%        4
 Passage of Golubria      Tloc           0%         N/A       100%        4
 Summon Ice Beast         Ice/Summ       0%         N/A       100%        4
 Summon Lightning Spire   Summ/Air       0%         N/A       100%        4
 Alistair's Intoxication  Tmut/Pois      0%         N/A       100%        5
 Arcjolt                  Conj/Air       0%         1d10      100%        5
 Blade Hands              Tmut           0%         N/A       100%        5
 Borgnjor's Vile Clutch   Necr/Erth      0%         N/A       100%        5
 Freezing Cloud           Conj/Ice/Air   0%         6-21      100%        5
 Irradiate                Conj/Tmut      0%         3d11      100%        5
 Iskenderun's Battlesphe  Conj           0%         2d6       100%        5
 Metabolic Englaciation   Hex/Ice        0%         N/A       100%        5
 Silence                  Hex/Air        0%         N/A       100%        5
 Summon Forest            Summ/Tloc      0%         N/A       100%        5
 Dispersal                Tloc           0%         N/A       100%        6
 Eringya's Noxious Bog    Tmut/Pois      0%         N/A       100%        6
 Iron Shot                Conj/Erth      0%         9d1       100%        6
 Simulacrum               Ice/Necr       0%         N/A       100%        6
 Dragon Form              Tmut           0%         N/A       100%        7
 Enfeeble                 Hex            0%         N/A       100%        7
 Haunt                    Necr/Summ      0%         N/A       100%        7
 Malign Gateway           Summ/Tloc      0%         N/A       100%        7
 Ozocubu's Refrigeration  Ice            0%         4d7       100%        7
 Spellforged Servitor     Conj/Summ      0%         N/A       100%        7
 Summon Hydra             Summ           0%         N/A       100%        7
 Borgnjor's Revivificati  Necr           0%         N/A       100%        8
 Discord                  Hex            0%         N/A       100%        8
 Ignition                 Fire           0%         3d3       100%        8
 Infestation              Necr           0%         N/A       100%        8
 Lehudib's Crystal Spear  Conj/Erth      0%         10d2      100%        8
 Maxwell's Capacitive Co  Air            0%         ∞         100%        8
 Necromutation            Tmut/Necr      0%         N/A       100%        8
 Summon Horrible Things   Summ           0%         N/A       100%        8
 Death's Door             Necr           0%         N/A       100%        9
 Polar Vortex             Ice            0%         N/A       100%        9


Dungeon Overview and Level Annotations

Branches:
Dungeon (1/1)

Altars:
Ashenzari
Cheibriados
Dithmenos
Elyvilon
Fedhas
Gozag
Hepliaklqana
Kikubaaqudgha
Makhleb
Nemelex Xobeh
Okawaru
Qazlal
Ru
Sif Muna
Trog
Uskayaw
Vehumet
Wu Jian
Xom
Yredelemnul
Zin
The Shining One
Jiyva
Lugonu


Innate Abilities, Weirdness & Mutations

((You are very nimble when in or above water. (Stealth+, EV+, Speed+++)))
Your lower body shifts to a powerful aquatic tail in water.
Your body sometimes deteriorates upon taking damage.


Message History

Unknown command.
Unknown command.
Unknown command.
Aiming: Mindburst
Press: ? - help, Shift-Dir - straight line, f/p - deep elf zephyrmancer
Aim: a deep elf zephyrmancer, wielding a +3 vampiric glaive, wearing a +0 scale mail and wearing a ring of protection from cold (almost dead, spells empowered, chance to affect: 83%)
The deep elf zephyrmancer's mind is blasted!!
You blow up the deep elf zephyrmancer!
Qazlal accepts your kill.
The +2 hand axe of venom is engulfed in blazing flames.
You block the +2 hand axe of venom's attack.
GONNNNG!
You block the +3 war axe of flaming's attack.
BOUMMMMG!
You block the fire elemental's attack.
PANG!
The deep elf high priest performs a strange gesture.
The +3 war axe of flaming is engulfed in blazing flames.
The +3 war axe of flaming hits you but does no damage.
The +2 hand axe of venom is engulfed in blazing flames.
You block the +2 hand axe of venom's attack.
SHROANNG!
Unknown command.
Unknown command.
There are monsters nearby!
Unknown command.
You puncture the fire elemental!
The fire elemental is heavily damaged.
You block the fire elemental's attack.
GONNNNG!
You puncture the fire elemental!
The fire elemental is almost destroyed.
You block the +2 hand axe of venom's attack.
BOUMMMMG!
The +3 war axe of flaming is engulfed in blazing flames.
The +3 war axe of flaming falls from the air.
Qazlal accepts your kill.
The deep elf high priest invokes the aid of its god against you.
Something smites you!
You die...

▓.~...~. ▓..)|..e.:)}.[.
▓~...)~)
▓..§§§§§§§☼§§:..▓~..÷.))
▓..§.§§○§§§§.°§.▓~~...~~
▓...§§☼§§§☼§§§§.▓..▓....
▓..§).§§☼§§§○§§.▓.▓▓▓~.~
▓...§§§§§§§§§.).▓..▓.~..
▓.....§E§.§§°...▓..~~.~~
▓...§§§@§)§.....▓~.....©
▓...§§.§(§§.§.§.▓▓▓▓▓▓▓▓
▓...▓°§§§§..▓§§. ▓..
▓▓..§§§▓▓ .
▓...▓.......▓...
...............
.......©.......
▓▓▓▓▓▓▓▓▓▓▓▓▓▓▓


You could see a deep elf high priest, a fire elemental and a +2 hand axe of
venom.

Vanquished Creatures
  2 liches (D)
  2 deep elf master archers (D)
  5 deep elf blademasters (D)
  A shadow dragon (D)
  An azure jelly (D)
  A draconian monk (D)
  3 deep elf sorcerers (D)
  A ghoul (D)
  2 draconian annihilators (D)
  A vampire knight (D)
  2 ironbound thunderhulks (D)
  4 deep elf annihilators (D)
  A yellow draconian (D)
  3 red draconians (D)
  3 white draconians (D)
  2 iron golems (D)
  2 purple draconians (D)
  2 crystal guardians (D)
  2 blizzard demons (D)
  6 merfolk impalers (D)
  2 yaktaur captains (D)
  4 merfolk javelineers (D)
  3 deep elf high priests (D)
  18 vault guards (D)
  3 ice dragons (D)
  A naga warrior (D)
  6 dancing weapons (D)
  A vampire mage (D)
  4 deep elf knights (D)
  2 skeletal warriors (D)
  2 sea snakes (D)
  5 deep elf pyromancers (D)
  4 necromancers (D)
  5 deep elf archers (D)
  A deep elf zephyrmancer (D)
  A shining eye (D)
  An orc sorcerer (D)
  A vault sentinel (D)
  3 manticores (D)
  2 naga magi (D)
  A black mamba (D)
  A gargoyle (D)
  2 water nymphs (D)
  2 hellions (D)
  7 rime drakes (D)
  3 tormentors (D)
  2 freezing wraiths (D)
  3 yaktaurs (D)
  9 ice devils (D)
  2 tarantellas (D)
  A merfolk (D)
  2 wind drakes (D)
  A snapping turtle (D)
  2 jumping spiders (D)
  5 air elementals (D)
  A vampire (D)
  A water elemental (D)
  A slime creature (D)
  3 shadows (D)
  2 golden eyes (D)
  A redback (D)
  4 steam dragons (D)
  A naga (D)
  An acid dragon (D)
  A water moccasin (D)
  3 floating eyes (D)
  3 necrophages (D)
  7 earth elementals (D)
  2 scorpions (D)
  10 wights (D)
  3 jellies (D)
  An orc wizard (D)
  2 adders (D)
  A white imp (D)
  An orc (D)
  2 bat skeletons (D)
  4 bat zombies (D)
  An endoplasm (D)
  2 ball pythons (D)
  3 ball python simulacra (D)
  2 ball python skeletons (D)
  A ball python zombie (D)
  6 bat simulacra (D)
  A giant cockroach simulacrum (D)
  2 giant cockroach zombies (D)
  A jackal simulacrum (D)
  A quokka zombie (D)
233 creatures vanquished.

Vanquished Creatures (collateral kills)
  A deep elf master archer (D)
  An iron dragon (D)
  2 deep elf annihilators (D)
  An iron golem (D)
  A shining eye (D)
  A slime creature (D)
7 creatures vanquished.

Grand Total: 240 creatures vanquished

Notes
Turn   | Place    | Note
-------+----------+-------------------------------------------
     0 | D        | mhtbhm the Merfolk Fighter began the quest for the Orb.
     0 | D        | Reached XP level 1. HP: 18/18 MP: 1/1
    16 | D        | Found a shimmering blue altar of Sif Muna.
    16 | D        | Found a bloodstained altar of Trog.
    16 | D        | Found a sacrificial altar of Ru.
    16 | D        | Found a stormy altar of Qazlal.
    16 | D        | Found an iron altar of Okawaru.
    17 | D        | Found a sparkling altar of Nemelex Xobeh.
    17 | D        | Found a blossoming altar of Fedhas.
    17 | D        | Found the +6 Majin-Bo {vamp, MP+6 Int+6}
    17 | D        | Found the +27 heavy crossbow "Sniper" {heavy, Acc+∞ SInv}
    17 | D        | Found the +10 dark maul {heavy}
    17 | D        | Found the +15 Maxwell's patent armour {-Cast -Tele rElec
                  | Will+ rCorr}
    17 | D        | Found the +18 shield of the Gong {rElec rN+ Will+ EV-5}
    17 | D        | Found the +16 obsidian axe {drain, Mesm Drain Fly SInv}
    17 | D        | Found the +7 great mace "Firestarter" {inner flame, rF++}
    17 | D        | Found the +6 shillelagh "Devastator" {shatter}
    17 | D        | Found the +11 plutonium sword {Contam Stlth-}
    17 | D        | Found the +8 lance "Wyrmbane" {slay drac, rPois rF+ rC+
                  | AC+3}
    17 | D        | Found the +9 sword of Zonguldrok {reap}
    17 | D        | Found the +13 scythe of Curses {drain, Drain}
    17 | D        | Found the +9 sword of Power
    17 | D        | Found the +7 mace of Variability {chain chaos}
    17 | D        | Found the +11 Singing Sword {sonic wave}
    17 | D        | Found the +8 storm bow {elec, penet}
    19 | D        | Found a transporter.
    19 | D        | Found an ancient bone altar of Kikubaaqudgha.
    19 | D        | Found a viscous altar of Jiyva.
    19 | D        | Found a corrupted altar of Lugonu.
    19 | D        | Found a hazy altar of Hepliaklqana.
    19 | D        | Found a burning altar of Makhleb.
    19 | D        | Found an opulent altar of Gozag.
    88 | D        | Became a worshipper of Qazlal Stormbringer
   101 | D        | Entered arena 2.
   101 | D        | Noticed an orc wizard
   101 | D        | Found a transporter.
   105 | D        | Killed an orc wizard
   106 | D        | Reached XP level 2. HP: 26/26 MP: 2/2
   106 | D        | Reached XP level 3. HP: 31/31 MP: 3/3
   112 | D        | Entered arena 3.
   112 | D        | Noticed a wight
   112 | D        | Noticed a wight
   112 | D        | Noticed a wight
   112 | D        | Found a transporter.
   116 | D        | Killed a wight
   116 | D        | Reached * piety under Qazlal
   117 | D        | Reached skill level 5 in Fighting
   117 | D        | Reached skill level 5 in Shields
   117 | D        | Reached XP level 4. HP: 40/40 MP: 4/4
   120 | D        | Reached XP level 5. HP: 47/47 MP: 5/5
   127 | D        | Reached skill level 5 in Armour
   139 | D        | Entered arena 4.
   139 | D        | Noticed a floating eye
   139 | D        | Noticed a golden eye
   139 | D        | Found a transporter.
   140 | D        | Reached ** piety under Qazlal
   141 | D        | Killed a golden eye
   142 | D        | Reached skill level 5 in Polearms
   142 | D        | Reached XP level 6. HP: 57/57 MP: 6/6
   142 | D        | Killed a floating eye
   143 | D        | Reached XP level 7. HP: 64/64 MP: 7/7
   160 | D        | Entered arena 5.
   160 | D        | Noticed an ironbound thunderhulk
   160 | D        | Noticed an ironbound thunderhulk
   160 | D        | Noticed a yaktaur captain
   160 | D        | Noticed a vault sentinel
   160 | D        | Found a transporter.
   176 | D        | Killed a yaktaur captain
   176 | D        | Reached *** piety under Qazlal
   177 | D        | Reached skill level 10 in Fighting
   177 | D        | Reached skill level 10 in Shields
   177 | D        | Reached skill level 4 in Invocations
   177 | D        | Reached XP level 8. HP: 28/73 MP: 3/11
   188 | D        | Killed an ironbound thunderhulk
   189 | D        | Reached skill level 6 in Invocations
   189 | D        | Reached XP level 9. HP: 48/81 MP: 1/13
   190 | D        | Killed an ironbound thunderhulk
   191 | D        | Reached skill level 10 in Polearms
   191 | D        | Reached skill level 7 in Invocations
   193 | D        | Killed a vault sentinel
   194 | D        | Reached skill level 8 in Invocations
   296 | D        | Got the Textbook on Interference
   408 | D        | Entered arena 6.
   408 | D        | Found a transporter.
   409 | D        | Reached **** piety under Qazlal
   538 | D        | Entered arena 7.
   538 | D        | Noticed a wind drake
   538 | D        | Paralysed by an air elemental for 1 turns
   542 | D        | Paralysed by an air elemental for 1 turns
   550 | D        | Reached XP level 10. HP: 74/89 MP: 10/16
   551 | D        | Paralysed by an air elemental for 1 turns
   556 | D        | Paralysed by an air elemental for 1 turns
   562 | D        | Reached ***** piety under Qazlal
   565 | D        | Paralysed by an air elemental for 1 turns
   568 | D        | Reached skill level 9 in Invocations
   575 | D        | Found a transporter.
   736 | D        | Got the Octavo of Firn and Trauma
   741 | D        | Entered arena 8.
   742 | D        | Found a transporter.
   752 | D        | Reached ****** piety under Qazlal
   769 | D        | Got the ring of Ywkaesy {Fly rElec rC+}
   772 | D        | Entered arena 9.
   773 | D        | Found a transporter.
   787 | D        | Reached skill level 10 in Invocations
   813 | D        | Got the ring of Ethrugh {Fly rC+ rN+ MP+9}
   821 | D        | Entered arena 10.
   822 | D        | Found a transporter.
   864 | D        | Entered arena 11.
   864 | D        | Noticed a shining eye
   864 | D        | Noticed a shining eye
   866 | D        | Paralysed by a floating eye for 2 turns
   867 | D        | Gained mutation: Your body sometimes deteriorates upon
                  | taking damage. [a shining eye]
   871 | D        | Killed a shining eye
   872 | D        | Reached skill level 15 in Shields
   872 | D        | Reached XP level 11. HP: 97/97 MP: 17/19
   878 | D        | Found a transporter.
   880 | D        | Reached skill level 11 in Invocations
   881 | D        | Killed a shining eye
   893 | D        | Got the amulet of the Tempest {Faith Dex+2}
   916 | D        | Entered arena 12.
   916 | D        | Found the +0 mask of the Dragon {Will+ Slay+3 SInv}
   916 | D        | Noticed a naga warrior
   918 | D        | Found a transporter.
   936 | D        | Killed a naga warrior
   943 | D        | Got the Guide on the Frigid Tropics
   951 | D        | Got the Catalogue of Vexing Shaping
   990 | D        | Entered arena 13.
   990 | D        | Noticed a vault guard
   990 | D        | Noticed a vault guard
   990 | D        | Noticed a vault guard
   990 | D        | Noticed a vault guard
   990 | D        | Noticed a vault guard
   990 | D        | Noticed a vault guard
   990 | D        | Noticed a shadow dragon
   991 | D        | Identified the +9 hand axe "Imp's Demise" {holy, SInv}
   991 | D        | Noticed a vault guard
   991 | D        | Noticed a vault guard
   993 | D        | Found a transporter.
   997 | D        | Killed a vault guard
   998 | D        | Reached skill level 10 in Armour
   998 | D        | Reached skill level 12 in Invocations
  1004 | D        | Killed a vault guard
  1011 | D        | Killed a vault guard
  1018 | D        | Killed a vault guard
  1020 | D        | Killed a vault guard
  1022 | D        | Killed a shadow dragon
  1022 | D        | Killed a vault guard
  1023 | D        | Reached skill level 13 in Invocations
  1023 | D        | Reached skill level 5 in Evocations
  1023 | D        | Reached XP level 12. HP: 54/107 MP: 21/21
  1023 | D        | Killed a vault guard
  1025 | D        | Killed a vault guard
  1035 | D        | Got Kikubaaqudgha's Cyclopedia of Evil
  1185 | D        | Entered arena 14.
  1185 | D        | Noticed a red draconian
  1185 | D        | Noticed a purple draconian
  1185 | D        | Noticed a red draconian
  1186 | D        | Noticed a green draconian monk
  1186 | D        | Noticed a purple draconian
  1186 | D        | Noticed a yellow draconian annihilator
  1186 | D        | Noticed a yellow draconian annihilator
  1186 | D        | Noticed a white draconian
  1186 | D        | Noticed a white draconian
  1186 | D        | Noticed a red draconian
  1186 | D        | Noticed a yellow draconian
  1187 | D        | Noticed a white draconian
  1193 | D        | Killed a red draconian
  1197 | D        | Killed a yellow draconian annihilator
  1206 | D        | Killed a red draconian
  1207 | D        | Reached skill level 1 in Stealth
  1207 | D        | Reached skill level 14 in Invocations
  1208 | D        | Killed a white draconian
  1209 | D        | Reached skill level 15 in Polearms
  1213 | D        | Killed a green draconian monk
  1217 | D        | Killed a yellow draconian annihilator
  1219 | D        | Killed a purple draconian
  1221 | D        | HP: 5/108 [poisoned by a green draconian monk (blast of
                  | poison)]
  1226 | D        | Killed a white draconian
  1226 | D        | Killed a purple draconian
  1226 | D        | Killed a yellow draconian
  1227 | D        | Reached skill level 15 in Fighting
  1227 | D        | Reached skill level 15 in Invocations
  1227 | D        | Reached XP level 13. HP: 37/116 MP: 9/24
  1229 | D        | Killed a red draconian
  1231 | D        | Killed a white draconian
  1233 | D        | Found a transporter.
  1425 | D        | Reached XP level 14. HP: 123/123 MP: 25/25
  1434 | D        | Entered arena 15.
  1434 | D        | Noticed an iron dragon
  1459 | D        | Killed an iron dragon
  1460 | D        | Reached skill level 16 in Invocations
  1460 | D        | Found a transporter.
  1488 | D        | Reached skill level 5 in Stealth
  1533 | D        | HP: 1/124 [iron golem (23)]
  1543 | D        | Reached skill level 17 in Invocations
  1672 | D        | Got the +1 pair of gloves of Rudehor {Dex+2}
  1683 | D        | Got the ring of Taph {Will++ MP+9 Dex+2}
  1844 | D        | Entered arena 16.
  1845 | D        | Noticed a lich
  1845 | D        | Noticed a lich
  1846 | D        | Identified the ring of Ram Zaemoits {rElec rF+ Will+ MP+9
                  | Int+4}
  1846 | D        | Identified the +5 halberd of the Wasp {elec, rF+ rC- rN+
                  | Will+}
  1852 | D        | Killed a lich
  1853 | D        | Reached skill level 18 in Invocations
  1857 | D        | Killed a lich
  1858 | D        | Reached skill level 19 in Invocations
  1870 | D        | Found a transporter.
  2015 | D        | Entered arena 17.
  2018 | D        | Noticed an azure jelly
  2025 | D        | Killed an azure jelly
  2026 | D        | Reached skill level 10 in Stealth
  2027 | D        | Reached skill level 20 in Invocations
  2030 | D        | Found a transporter.
  2051 | D        | Got the Exposition on Hiemal Quicksand
  2189 | D        | Entered arena 18.
  2191 | D        | Noticed a deep elf annihilator
  2192 | D        | Noticed a deep elf annihilator
  2192 | D        | Noticed a deep elf sorcerer
  2194 | D        | Killed a deep elf annihilator
  2194 | D        | Killed a deep elf sorcerer
  2195 | D        | Reached skill level 21 in Invocations
  2195 | D        | Reached XP level 15. HP: 96/132 MP: 20/29
  2198 | D        | Reached skill level 10 in Evocations
  2215 | D        | Found a transporter.
  2233 | D        | Got the ring of Waemo {rPois rN++ Will+ SInv}
  2296 | D        | Entered arena 19.
  2301 | D        | Identified the +2 robe of Lonk {Drain +Inv Str+2 Dex+2}
  2301 | D        | Identified the amulet of Optimism {Faith rF- rC- Regen+
                  | Slay+4}
  2302 | D        | Identified the +8 trident of Perepuh {freeze, rCorr}
  2303 | D        | Identified the +4 rapier of Disarray {elec, *Slow rElec
                  | rCorr Dex+8}
  2307 | D        | Identified the +7 arbalest of Noon {freeze, rPois}
  2308 | D        | Reached skill level 22 in Invocations
  2324 | D        | Found a transporter.
  2383 | D        | Got the Quarto of the Battered Mystics
  2386 | D        | Got Ifriuz's Folio of Bloody Exhalation
  2577 | D        | Entered arena 20.
  2582 | D        | Noticed a ghoul
  2582 | D        | Identified the +7 broad axe "Ricaruass" {freeze, rN+ rCorr
                  | Dex-3}
  2598 | D        | Killed a ghoul
  2605 | D        | Found a transporter.
  2680 | D        | Entered arena 21.
  2694 | D        | Reached skill level 23 in Invocations
  2696 | D        | Found a transporter.
  2704 | D        | Reached skill level 24 in Invocations
  2729 | D        | Got the ring of Ruasketz {rC+ Str+7 SInv}
  2737 | D        | Got the ring "Vapig" {rC+ rN+}
  2765 | D        | Entered arena 22.
  2768 | D        | Noticed a deep elf master archer
  2768 | D        | Noticed a deep elf master archer
  2768 | D        | Noticed a deep elf blademaster
  2769 | D        | Noticed a deep elf blademaster
  2769 | D        | Noticed a deep elf sorcerer
  2769 | D        | Noticed a deep elf blademaster
  2769 | D        | Identified the +1 broad axe of the Evening {heavy, Drain
                  | rC+ Dex+7 Stlth+}
  2770 | D        | Noticed a deep elf sorcerer
  2770 | D        | Noticed a deep elf blademaster
  2770 | D        | Noticed a deep elf master archer
  2770 | D        | Noticed a deep elf blademaster
  2777 | D        | Reached XP level 16. HP: 96/141 MP: 26/32
  2782 | D        | Killed a deep elf master archer
  2784 | D        | Killed a deep elf blademaster
  2784 | D        | Killed a deep elf master archer
  2785 | D        | Reached skill level 25 in Invocations
  2785 | D        | Killed a deep elf blademaster
  2786 | D        | Killed a deep elf blademaster
  2789 | D        | Killed a deep elf blademaster
  2793 | D        | Killed a deep elf master archer
  2794 | D        | Reached skill level 26 in Invocations
  2794 | D        | Killed a deep elf blademaster
  2795 | D        | Identified the ring of Betyised {Ice Dex+2}
  2796 | D        | HP: 6/142 [deep elf zephyrmancer/bolt of lightning (2)]
  2799 | D        | Killed from afar by a deep elf high priest

Illustrated notes

Levels and vault maps discovered:
D:        sprint_v [room_start, room_1, room_2, room_3, room_4, room_5, room_6,
          room_7, room_8, room_9, room_10, room_11, room_12, room_13, room_14,
          room_15, room_16, room_17, room_18, room_19, room_20, room_21,
          room_22, room_23, room_24, room_25, room_26, room_27]

Skill      XL: |  1  2  3  4  5  6  7  8  9 10 11 12 13 14 15 16 |
---------------+-------------------------------------------------+-----
Fighting       | 4 5 6 8 9 10 11 12 14 15 16 17 | 17.6
Polearms       | 3 4 5 6 8 9 11 12 14 15 16 18 | 18.4
Armour         | 3 4 5 6 7 8 9 10 11 12 13 | 13.8
Shields        | 4 5 6 8 9 10 11 12 15 18 20 21 23 25 | 25.6
Invocations    | 4 6 8 10 13 15 21 24 26 | 26.1
Evocations     | 2 3 4 5 6 9 12 | 12.4
Stealth        | 3 4 11 12 13 | 13.0

Action                   |  1- 3 |  4- 6 |  7- 9 | 10-12 | 13-15 | 16-18 || total
-------------------------+-------+-------+-------+-------+-------+-------++-------
Melee: Lance             |     8 |    10 |    30 |   155 |   143 |    18 ||   364
       Tailslap          |       |       |       |       |     1 |       ||     1
Invok: Elemental Force   |       |       |     1 |       |     5 |       ||     6
       Upheaval          |       |       |       |     2 |       |       ||     2
       Disaster Area     |       |       |       |     1 |    10 |       ||    11
Evoke: Lightning rod     |       |     3 |       |       |     6 |       ||     9
       Condenser vane    |       |       |     3 |     5 |     9 |     1 ||    18
       Wand              |       |       |     1 |     1 |    11 |     2 ||    15
       Box of beasts     |       |       |       |     1 |     1 |       ||     2
       Phantom mirror    |       |       |       |       |     2 |       ||     2
       Tin of tremorston |       |       |       |       |     3 |       ||     3
  Use: Potion            |       |       |     4 |     6 |     5 |       ||    15
       Scroll            |       |       |       |       |     3 |       ||     3
 Stab: Confused          |       |       |       |     3 |       |       ||     3
       Invisible         |       |       |       |       |     9 |       ||     9
       Distracted        |       |       |       |       |       |     1 ||     1
Armor: Gold dragon scale |     2 |     1 |    17 |    94 |    28 |    22 ||   164
Dodge: Dodged            |     1 |       |     1 |     2 |     1 |     1 ||     6
       Repelled          |       |       |       |       |     1 |       ||     1
Block: Kite shield       |     9 |    10 |    31 |   202 |   151 |    63 ||   466

Table legend: (Time is in decaauts)
 A = Elapsed time spent in this place.
 B = Non-inter-level travel time spent in this place.
 C = Inter-level travel time spent in this place.
 D = Time resting spent in this place.
 E = Time spent auto-exploring this place.
 F = Levels seen in this place.
 G = Mean time per level.
                   A        B        C        D        E       F      G
               +--------+--------+--------+--------+--------+-----+--------+
         Total |   2633 |   2633 |      0 |   1432 |      0 |   1 | 2633.0 |
       Dungeon |   2633 |   2633 |      0 |   1432 |      0 |   1 | 2633.0 |
               +--------+--------+--------+--------+--------+-----+--------+

Top non-repeatable levels by time:
       D: 2633 daAuts
